 Dungeon Crawl Stone Soup version 0.19.5 (webtiles) character file.

185 tof the Twirler (level 5, -13/41 HPs)
             Began as a Demonspawn Gladiator on Mar 7, 2017.
             Was an Initiate of Ashenzari.
             Mangled by an ogre
             ... wielding a +0 giant club
              (15 damage)
             ... on level 3 of the Dungeon.
             The game lasted 00:09:34 (2611 turns).

tof the Twirler (Demonspawn Gladiator)              Turns: 2611, Time: 00:09:34

Health: -13/41     AC: 15    Str: 18    XL:     5   Next: 37%
Magic:  4/4        EV:  8    Int:  9    God:    Ashenzari [......]
Gold:   183        SH:  0    Dex: 14    Spells: 0 memorised, 4 levels left

rFire  . . .     SeeInvis .     a - +0 quarterstaff
rCold  . . .     Gourm    .     r - +0 chain mail
rNeg   . . .     Faith    .     (shield currently unavailable)
rPois  +         Spirit   .     c - +0 helmet
rElec  .         Reflect  .     (no cloak)
rCorr  .         Harm     .     (no gloves)
MR     .....                    (no boots)
Stlth  ..........               (no amulet)
                                (no ring)
                                k - ring of poison resistance (curse)

@: sanguine armour
A: low mp 1, strong 1, sanguine armour 1
a: Curse Item, Renounce Religion


You were on level 3 of the Dungeon.
You worshipped Ashenzari.
Ashenzari was noncommittal.
You were hungry.

You visited 1 branch of the dungeon, and saw 3 of its levels.

You collected 183 gold pieces.

Inventory:

Hand Weapons
 a - a +0 quarterstaff (weapon)
 b - a +0 blowgun
Missiles
 d - 3 throwing nets (quivered)
 h - 38 poisoned needles
Armour
 c - a +0 helmet (worn)
 j - a +0 scale mail
 r - a +0 chain mail (worn)
Jewellery
 k - a cursed ring of poison resistance (left hand)
Scrolls
 e - 2 scrolls of recharging {unknown}
 m - a scroll of magic mapping {unknown}
 n - a scroll of amnesia {unknown}
 o - a scroll of teleportation {unknown}
 q - 2 scrolls of identify {unknown}
 u - a scroll of remove curse
Potions
 l - a potion of invisibility
 p - a potion of might
 s - a potion of curing
Comestibles
 f - 3 bread rations
 i - 3 meat rations
 t - a fruit


   Skills:
 + Level 3.0 Fighting
 + Level 3.6 Staves
 + Level 2.3 Throwing
 * Level 2.0 Armour
 + Level 3.4 Dodging


You had 4 spell levels left.
You didn't know any spells.

Dungeon Overview and Level Annotations

Branches:
Dungeon (3/15)

Altars:
Ashenzari
Fedhas
Qazlal


Innate Abilities, Weirdness & Mutations

When seriously injured, your bleeding wounds create armour. (AC +6)
Your magical capacity is low. (-10% MP)
Your muscles are strong. (Str +2)


Message History

The ogre hits you but does no damage.
You hit the ogre.
The ogre is heavily wounded.
You hit the ogre but do no damage.
The ogre is heavily wounded.
The ogre barely misses you.
Your chain mail prevents you from hitting the ogre.
The ogre is heavily wounded.
The ogre closely misses you.
You closely miss the ogre.
The ogre is heavily wounded.
The ogre hits you with a giant club!!
* * * LOW HITPOINT WARNING * * *
You closely miss the ogre.
The ogre is heavily wounded.
The ogre barely misses you.
You hit the ogre but do no damage.
The ogre is heavily wounded.
The ogre hits you with a giant club!
You die...

########.#.......#
#[..#.#######
#.###...# #.....#.#
#..##.#.#
#..#..#.#####
#..#.##.....#
#..#.######.# #....#
#@# ##.### #O## #.#
#gg## #.# #...#
#######.##########'#
#.......#.......#...
#.#######.#######%..#
#.# #.# #g.%# #.# #.#
#####


You could see an ogre and 2 goblins.

Vanquished Creatures
  A bullfrog skeleton (D:3)
  4 adders
  2 oozes
  7 worms
  4 leopard geckos
  An orc (D:3)
  2 ball pythons (D:1)
  6 giant cockroaches
  12 goblins
  11 hobgoblins
  10 bats
  4 frilled lizards
  9 kobolds
  13 rats
86 creatures vanquished.

Notes
Turn   | Place    | Note
-------+----------+-------------------------------------------
     0 | D:1      | tof the Demonspawn Gladiator began the quest for the Orb.
     0 | D:1      | Reached XP level 1. HP: 16/16 MP: 1/1
   153 | D:1      | Gained mutation: When seriously injured, your bleeding wounds create armour. (AC +6) [demonic ancestry]
   153 | D:1      | Reached XP level 2. HP: 22/22 MP: 2/2
   169 | D:1      | Gained mutation: Your magical capacity is low. (-10% MP) [potion of mutation]
   169 | D:1      | Gained mutation: Your muscles are strong. (Str +2) [potion of mutation]
   481 | D:1      | Reached XP level 3. HP: 17/28 MP: 2/2
  1125 | D:2      | Found a shattered altar of Ashenzari.
  1137 | D:2      | Became a worshipper of Ashenzari the Shackled
  1269 | D:2      | Reached XP level 4. HP: 34/34 MP: 3/3
  1300 | D:2      | Reached skill level 1 in Armour
  1417 | D:2      | Found a stormy altar of Qazlal.
  1533 | D:3      | Found a blossoming altar of Fedhas.
  1966 | D:3      | Reached XP level 5. HP: 34/41 MP: 4/4
  2395 | D:3      | Found a faded altar of an unknown god.
  2576 | D:3      | Noticed an ogre
  2609 | D:3      | HP: 1/41 [ogre/giant club (19)]
  2611 | D:3      | Mangled by an ogre

Skill      XL: |  1  2  3  4  5 |
---------------+----------------+-----
Staves         | 3 |  3.6
Dodging        | 3 |  3.4
Throwing       | 2 |  2.3
Armour         | 1 2 |  2.0
Fighting       | 3 |  3.0

Action                   |  1- 3 |  4- 6 || total
-------------------------+-------+-------++-------
Melee: Quarterstaff      |   140 |   135 ||   275
Invok: Curse Item        |     1 |       ||     1
  Use: Potion            |     4 |     1 ||     5
       Scroll            |     1 |       ||     1
  Eat: Chunk             |     2 |     3 ||     5
Armor: Leather armour    |     6 |       ||     6
       Scale mail        |    44 |       ||    44
       Chain mail        |    26 |    63 ||    89
Dodge: Dodged            |   110 |    52 ||   162
